 Dungeon Crawl Stone Soup version 0.21.1-1-g345015f (webtiles) character file.

5427 Goblin1989 the Basher (level 10, 0/74 HPs)
             Began as a Demonspawn Chaos Knight on Feb 19, 2018.
             Slain by a manticore (3 damage)
             ... on level 9 of the Dungeon.
             The game lasted 00:19:57 (6801 turns).

Goblin1989 the Basher (Demonspawn Chaos Knight)     Turns: 6801, Time: 00:19:58

Health: 0/74       AC: 17    Str: 15 (17) XL:     10   Next: 40%
Magic:  10/10      EV:  8    Int: 12 (13) God:    Xom [......]
Gold:   416        SH:  0    Dex: 11 (14) Spells: 5/9 levels left

rFire    + . .     SeeInvis +   z - +0 morningstar
rCold    . . .     Gourm    .   (no shield)
rNeg     . . .     Faith    .   C - +0 chain mail
rPois    +         Spirit   .   V - +0 helmet
rElec    .         Reflect  .   S - scarf {cloud immunity}
rCorr    .         Harm     .   (no gloves)
MR       .....                  R - +1 pair of boots
Stlth    ..........             r - amulet of regeneration
HPRegen  0.62/turn              T - ring of wizardry
MPRegen  0.12/turn              s - ring of see invisible

@: flying
A: molten scales 3, poison resistance, powered by pain 3, spiny 1, strong 1
a: Renounce Religion


You were on level 9 of the Dungeon.
You worshipped Xom.
You were a very special plaything of Xom.
You were not hungry.

You visited 1 branch of the dungeon, and saw 9 of its levels.

You collected 416 gold pieces.

Inventory:

Hand Weapons
 a - a +0 mace of chaos
 z - a +0 morningstar (weapon)
 B - a +0 mace of protection
 N - the +2 trident "Ytewuu Juob" {antimagic, Stlth+}
   (You found it on level 4 of the Dungeon)

   It reduces the magical energy of the wielder, and disrupts the spells and
   magical abilities of those hit.
   Natural abilities and divine invocations are not affected.
   It makes you more stealthy.
Missiles
 j - 8 needles of paralysis
 Z - a throwing net (quivered) {!d}
Armour
 C - a +0 chain mail (worn)
 I - a scarf of resistance
 R - a +1 pair of boots (worn)
 S - a scarf of cloud immunity (worn)
 V - a +0 helmet (worn)
Jewellery
 r - an amulet of regeneration (around neck)
 s - a ring of see invisible (right hand)
 T - a ring of wizardry (left hand)
Scrolls
 f - 2 scrolls of amnesia {unknown}
 g - 4 scrolls of teleportation {unknown}
 l - 2 scrolls of fear {unknown}
 m - 5 scrolls of remove curse {@r2}
 A - a scroll of summoning {unknown}
 E - a scroll of acquirement {unknown}
 F - 4 scrolls of identify {unknown}
 G - a scroll of noise {unknown}
 L - a scroll of enchant weapon {unknown}
 M - a scroll of holy word {unknown}
 Q - a scroll of blinking {unknown}
 X - 2 scrolls of magic mapping {unknown}
Potions
 t - a potion of magic {unknown}
 H - 2 potions of degeneration
 J - a potion of brilliance {unknown}
 O - a potion of heal wounds {unknown}
 W - 2 potions of curing {@q1}
 Y - a potion of flight
Books
 K - a book of Geomancy

   Spells                             Type                      Level
   a - Sandblast                      Earth                        1
   b - Passwall                       Transmutation/Earth          2
   c - Stone Arrow                    Conjuration/Earth            3
   d - Petrify                        Transmutation/Earth          4
   e - Lee's Rapid Deconstruction     Earth                        5
 P - a book of Callings

   Spells                             Type                      Level
   a - Summon Small Mammal            Summoning                    1
   b - Call Imp                       Summoning                    2
   c - Call Canine Familiar           Summoning                    3
   d - Summon Guardian Golem          Hexes/Summoning              3
   e - Summon Lightning Spire         Summoning/Air                4
   f - Summon Ice Beast               Ice/Summoning                4
 U - a book of Necromancy

   Spells                             Type                      Level
   a - Pain                           Necromancy                   1
   b - Animate Skeleton               Necromancy                   1
   c - Vampiric Draining              Necromancy                   3
   d - Regeneration                   Charms/Necromancy            3
   e - Animate Dead                   Necromancy                   4
   f - Borgnjor's Vile Clutch         Necromancy/Earth             5
Comestibles
 e - 9 rations
 D - 2 chunks of flesh


   Skills:
 + Level 5.4 Fighting
 + Level 12.3 Maces & Flails
 + Level 4.4 Armour
 + Level 4.0 Dodging


You had 5 spell levels left.
You knew the following spells:

 Your Spells              Type           Power        Failure   Level  Hunger
b - Animate Skeleton      Necr           N/A          91%         1    ##.....
R - Regeneration          Chrm/Necr      #.........   99%         3    ####...


Dungeon Overview and Level Annotations

Branches:
Dungeon (9/15)             Temple (0/1) D:4            Lair (0/6) D:8
    Orc: D:9-12

Altars:
Ashenzari
Fedhas
Gozag
Makhleb
Nemelex Xobeh
Okawaru
Trog
Uskayaw
Zin
The Shining One


Innate Abilities, Weirdness & Mutations

You are completely covered in molten scales. (AC +4, rF+)
You are powered by pain.
You are partially covered in sharp spines.
Your system is resistant to poisons. (rPois)
Your muscles are strong. (Str +2)


Message History

The manticore is heavily wounded.
The manticore barely misses you.
The manticore claws you but does no damage. x2
You take 14 damage, and have 60/74 hp.
You hit the manticore but do no damage.
The manticore is heavily wounded.
The black bear is struck by your spines.
The black bear barely misses you.
The black bear claws you but does no damage.
The black bear barely misses you.
The manticore bites you but does no damage.
The manticore claws you! The manticore barely misses you.
You take 7 damage, and have 53/74 hp.
You barely miss the manticore.
The manticore is heavily wounded.
The black bear bites you but does no damage.
The black bear claws you but does no damage.
The black bear closely misses you. The manticore bites you!
The manticore claws you. x2
You take 18 damage, and have 35/74 hp.
MASSIVE DAMAGE!!
You are too injured to fight recklessly!
Unknown command.
You are too injured to fight recklessly!
Unknown command.
You are too injured to fight recklessly!
Unknown command.
You closely miss the manticore.
The manticore is heavily wounded.
The black bear barely misses you.
The black bear claws you but does no damage. x2
The manticore bites you but does no damage.
The manticore claws you.
* * * LOW HITPOINT WARNING * * *
The manticore claws you but does no damage.
You puncture the manticore!
The manticore is severely wounded.
The black bear is struck by your spines.
The black bear bites you but does no damage.
The black bear claws you but does no damage.
The black bear barely misses you.
Unknown command.
Unknown command.
You take 3 damage, and have 32/74 hp.
Unknown command.
You hit the manticore.
The manticore is severely wounded.
The manticore is struck by your spines. The manticore bites you.
* * * LOW HITPOINT WARNING * * *
The manticore claws you but does no damage.
The manticore closely misses you.
You take 2 damage, and have 30/74 hp.
You completely miss the black bear.
The black bear is heavily wounded.
The black bear is struck by your spines.
The black bear bites you but does no damage.
The black bear claws you but does no damage. x2
The manticore bites you!
* * * LOW HITPOINT WARNING * * *
The manticore claws you but does no damage.
The manticore claws you.
* * * LOW HITPOINT WARNING * * *
Unknown command.
Unknown command.
Unknown command.
Unknown command.
Unknown command.
Unknown command.
Unknown command.
Unknown command.
Unknown command.
You take 17 damage, and have 13/74 hp.
MASSIVE DAMAGE!!
Unknown command.
It was a potion of curing.
You feel better.
Xom thinks this is hilarious!
The black bear bites you but does no damage.
The black bear claws you but does no damage.
The black bear barely misses you. The manticore barely misses you. x3
You regained 7 hp, and now have 20/74 hp.
Unknown command.
It was a potion of flight.
You feel very buoyant.
You fly up into the air.
The black bear is struck by your spines.
The black bear bites you but does no damage.
The black bear claws you but does no damage. x2
The manticore bites you!
* * * LOW HITPOINT WARNING * * *
The manticore closely misses you. The manticore claws you.
* * * LOW HITPOINT WARNING * * *
You take 18 damage, and have 2/74 hp.
MASSIVE DAMAGE!!
Unknown command.
It was a potion of degeneration.
There was something very wrong with that liquid.
You feel weakened.
You feel dopey.
You feel clumsy.
Xom thinks this is hilarious!
The black bear is struck by your spines.
The black bear barely misses you. x2
The black bear claws you but does no damage.
The manticore bites you.
You die...

███.........
...███..................
.................█......
.............!..........
.......█..$...........██
█.?.............█.....██
.?................>...██
........h.......███...█
█....H@..........÷..██
█......████.........█
█......█ █.........█
█......█ █.........█
█......█ █.........█


████████ █..........█ █..████....█ █..█((█....█ █..█..█.⌂..█ You could see a
manticore and a black bear.

Vanquished Creatures
  A hippogriff (D:7)
  Sigmund (D:2)
  The ghost of SaintRoka the Ruffian, an amateur TrMo (D:4)
  Grum (D:8)
  2 hungry ghosts
  A porcupine (D:8)
  4 orc warriors
  3 black bears (D:8)
  2 sky beasts
  4 phantoms
  A necrophage (D:7)
  4 wolves (D:8)
  2 ogres
  3 centaurs
  2 crocodiles (D:8)
  4 bullfrogs
  15 killer bees
  3 howler monkeys
  5 crimson imps
  3 hounds
  2 quasits
  7 orc priests
  2 bullfrog skeletons
  Jessica (D:2)
  An iguana (D:8)
  4 worker ants
  11 orc wizards
  A killer bee zombie (D:8)
  A worker ant zombie (D:6)
  A howler monkey zombie (D:7)
  13 adders
  A shadow imp (D:5)
  3 worms
  3 leopard geckos
  31 orcs
  4 giant cockroaches
  7 goblins
  5 hobgoblins
  5 jackals
  6 kobolds
  3 quokkas
  2 ball pythons
  3 bats (D:3)
  2 frilled lizards (D:2)
  A goblin skeleton (D:5)
  3 hobgoblin zombies (D:5)
  A kobold skeleton (D:5)
  2 orc skeletons (D:5)
  3 orc zombies (D:5)
  6 rats
  A fungus (D:8)
198 creatures vanquished.

Vanquished Creatures (others)
  An orc (D:6)
  29 fungi (D:8)
  10 plants (D:8)
40 creatures vanquished.

Grand Total: 238 creatures vanquished

Notes
Turn   | Place    | Note
-------+----------+-------------------------------------------
     0 | D:1      | Goblin1989 the Demonspawn Chaos Knight began the quest for the Orb.
     0 | D:1      | Reached XP level 1. HP: 18/18 MP: 1/1
    41 | D:1      | Reached skill level 3 in Maces & Flails
   111 | D:1      | XOM: harmless Hex miscast
   317 | D:1      | XOM: enchant monster (good)
   320 | D:1      | Gained mutation: You are partially covered in molten scales. (AC +2) [demonic ancestry]
   320 | D:1      | Reached XP level 2. HP: 21/24 MP: 2/2
   321 | D:1      | XOM: noise
   749 | D:2      | Noticed Jessica
   754 | D:2      | Killed Jessica
   754 | D:2      | Reached skill level 4 in Maces & Flails
   754 | D:2      | Reached XP level 3. HP: 29/29 MP: 3/3
   764 | D:2      | XOM: mild Conj miscast
  1128 | D:2      | Gained mutation: You are partially covered in sharp spines. [demonic ancestry]
  1128 | D:2      | Reached XP level 4. HP: 35/35 MP: 4/4
  1193 | D:2      | Noticed Sigmund
  1200 | D:2      | Killed Sigmund
  1200 | D:2      | Reached skill level 6 in Maces & Flails
  1200 | D:2      | Gained mutation: You sometimes gain a little power by taking damage. [demonic ancestry]
  1200 | D:2      | Reached XP level 5. HP: 41/41 MP: 5/5
  1386 | D:2      | Found an opulent altar of Gozag.
  1400 | D:2      | XOM: mild Pois miscast
  1539 | D:2      | Found a bloodstained altar of Trog.
  1803 | D:3      | Reached XP level 6. HP: 47/47 MP: 6/6
  1832 | D:3      | Found a shattered altar of Ashenzari.
  2251 | D:3      | Found an iron altar of Okawaru.
  2532 | D:4      | Found a glowing silver altar of Zin.
  2587 | D:4      | Learned a level 1 spell: Animate Skeleton
  2591 | D:4      | Learned a level 3 spell: Regeneration
  2593 | D:4      | Found a staircase to the Ecumenical Temple.
  2627 | D:4      | Noticed SaintRoka's ghost (amateur TrMo)
  2630 | D:4      | XOM: cast spell 'Call Canine Familiar'
  2636 | D:4      | Killed SaintRoka's ghost
  2636 | D:4      | Reached skill level 7 in Maces & Flails
  2636 | D:4      | Gained mutation: You are mostly covered in molten scales. (AC +3) [demonic ancestry]
  2636 | D:4      | Reached XP level 7. HP: 16/52 MP: 7/7
  2766 | D:4      | XOM: cast spell 'Call Canine Familiar'
  2770 | D:4      | XOM: swap monsters
  2787 | D:4      | Reached skill level 8 in Maces & Flails
  2964 | D:4      | Found a burning altar of Makhleb.
  3120 | D:4      | Got a scorched trident
  3121 | D:4      | Identified the cursed +2 trident "Ytewuu Juob" {antimagic, Stlth+} (You found it on level 4 of the Dungeon)
  3241 | D:5      | Entered Level 5 of the Dungeon
  3278 | D:5      | Found a glowing golden altar of the Shining One.
  3491 | D:5      | Found a sparkling altar of Nemelex Xobeh.
  3741 | D:6      | Reached skill level 9 in Maces & Flails
  3741 | D:6      | Gained mutation: You sometimes gain power by taking damage. [demonic ancestry]
  3741 | D:6      | Reached XP level 8. HP: 58/58 MP: 8/8
  3750 | D:6      | XOM: summons 2 friendly demons
  3877 | D:6      | XOM: give mutation
  3877 | D:6      | Gained mutation: You are completely covered in molten scales. (AC +4, rF+) [Xom's mischief]
  3907 | D:6      | XOM: enchant monster (good)
  3930 | D:6      | Reached skill level 10 in Maces & Flails
  3932 | D:6      | Found a blossoming altar of Fedhas.
  4166 | D:6      | XOM: enchant monster (good)
  4481 | D:7      | Noticed a hippogriff
  4489 | D:7      | XOM: 1-stop teleportation journey
  4509 | D:7      | Reached skill level 11 in Maces & Flails
  4509 | D:7      | Reached XP level 9. HP: 44/63 MP: 9/9
  4709 | D:7      | XOM: cast spell 'Disjunction'
  4872 | D:7      | XOM: enchant monster (bad)
  4873 | D:7      | XOM: potion effect (might)
  4881 | D:7      | Reached skill level 12 in Maces & Flails
  5043 | D:7      | XOM: mild Necr miscast
  5106 | D:8      | XOM: stealth player
  5164 | D:8      | Reached skill level 1 in Dodging
  5318 | D:7      | XOM: mild Tmut miscast
  5337 | D:7      | XOM: medium Air miscast
  5701 | D:8      | XOM: enchant monster (good)
  5702 | D:8      | Gained mutation: You are powered by pain. [demonic ancestry]
  5702 | D:8      | Reached XP level 10. HP: 52/73 MP: 10/10
  5771 | D:8      | XOM: cast spell 'Summon Ice Beast'
  5888 | D:8      | XOM: confuse monster(s)
  5890 | D:8      | Found a staircase to the Lair.
  6212 | D:8      | Reached skill level 5 in Fighting
  6219 | D:8      | Noticed Grum
  6231 | D:8      | Killed Grum
  6239 | D:8      | XOM: silly message
  6422 | D:8      | XOM: give mutations
  6422 | D:8      | Gained mutation: Your system is resistant to poisons. (rPois) [Xom's grace]
  6422 | D:8      | Gained mutation: Your muscles are strong. (Str +2) [Xom's grace]
  6758 | D:9      | XOM: polymorph adder -> rat
  6776 | D:9      | XOM: medium Hex miscast
  6777 | D:9      | Found a hide-covered altar of Uskayaw.
  6777 | D:9      | Noticed a dagger
  6778 | D:9      | Noticed a hand axe
  6787 | D:9      | Noticed a manticore
  6800 | D:9      | HP: 2/74 [manticore (2)]
  6801 | D:9      | Slain by a manticore

Skill      XL: |  1  2  3  4  5  6  7  8  9 10 |
---------------+-------------------------------+-----
Maces & Flails | 3 4 6 7 9 11 12 | 12.3
Armour         | 3 4 |  4.4
Dodging        | 3 4 |  4.0
Fighting       | 4 5 |  5.4

Action                   |  1- 3 |  4- 6 |  7- 9 | 10-12 || total
-------------------------+-------+-------+-------+-------++-------
Melee: Mace              |    76 |   120 |   316 |    79 ||   591
       Flail             |       |       |     8 |       ||     8
       Morningstar       |       |       |       |    64 ||    64
  Use: Scroll            |       |       |     2 |       ||     2
       Potion            |       |       |       |     3 ||     3
 Stab: Petrifying        |     1 |       |       |       ||     1
       Confused          |       |     1 |     4 |     1 ||     6
       Sleeping          |       |     1 |     1 |       ||     2
       Paralysed         |       |       |     1 |       ||     1
       Distracted        |       |       |     1 |       ||     1
  Eat: Chunk             |     1 |     5 |    10 |     8 ||    24
       Ration            |       |       |     2 |       ||     2
Armor: Leather armour    |    45 |    40 |   115 |       ||   200
       Chain mail        |       |       |    27 |   120 ||   147
Dodge: Dodged            |    57 |    61 |   165 |    63 ||   346

Vault maps used:
D:1:      nzn_arrival_crosshair
D:2:      lemuel_coloured_pillars_altar, chequers_ecumenical_altar_grove,
          trog_hazing_becter, uniq_jessica, uniq_natasha, uniq_sigmund
D:3:      okawaru_gym_becter, lemuel_crystal_altar
D:4:      makhleb_heckhound_becter, lemuel_crystal_altar,
          minmay_temple_entry_trees, kennysheep_generic_room_8
D:5:      nicolae_tso_besieged_by_evil, nemelex_xobeh_ov_fountains_minmay,
          first_ration
D:6:      old_standard_altar
D:8:      due_lair_maze_entry_diamond, uniq_grum
D:9:      cheibrodos_steamvent, grunt_temple_overflow_cloverleaf,
          dancing_weapons_uskayaw, david_orc_4
